 Dungeon Crawl Stone Soup version 0.20-a0-270-g8e735b6 (webtiles) character file.

1360 KristoblXynda the Chopper (level 8, -1/63 HPs)
             Began as a Green Draconian Berserker on Dec 9, 2016.
             Was an Elder of Trog.
             Slain by a sky beast (5 damage)
             ... on level 5 of the Dungeon.
             The game lasted 00:11:09 (5367 turns).

KristoblXynda the Chopper (DrBe)                    Turns: 5367, Time: 00:11:10

Health: -1/63      AC:  6    Str: 19    XL:     8   Next: 37%
Magic:  9/9        EV: 15    Int: 10    God:    Trog [****..]
Gold:   327        SH:  0    Dex: 11    Spells: 7/7 levels left

rFire  . . .     SeeInvis .     a - +1 hand axe
rCold  . . .     Gourm    .     (armour unavailable)
rNeg   . . .     Faith    .     (no shield)
rPois  +         Spirit   .     (helmet restricted)
rElec  .         Reflect  .     (no cloak)
rCorr  .         Harm     .     (no gloves)
MR     ++...                    (no boots)
Stlth  ++........               (no amulet)
                                (no ring)
                                f - ring of stealth

@: regenerating
A: breathe noxious fumes, unfitting armour, poison resistance, cold-blooded, AC
+6
a: Breathe Noxious Fumes, Berserk, Trog's Hand, Brothers in Arms, Burn
Spellbooks, Renounce Religion


You were on level 5 of the Dungeon.
You worshipped Trog.
Trog was greatly pleased with you.
You were hungry.

You visited 1 branch of the dungeon, and saw 5 of its levels.
You also visited: Sewer.

You collected 327 gold pieces.

Inventory:

Hand Weapons
 a - a +1 hand axe (weapon)
 u - a +2 whip of freezing
Missiles
 m - 5 silver javelins (quivered)
Jewellery
 f - a ring of stealth (left hand)
Wands
 q - a wand of lightning (6/15)
Scrolls
 i - a scroll of magic mapping
 r - a scroll of enchant weapon
 s - a scroll of amnesia
 v - a scroll of noise {unknown}
 w - a scroll of identify
Potions
 c - 2 potions of curing
 d - a potion of cancellation {unknown}
 e - a potion of haste {unknown}
 g - a potion of agility {unknown}
 h - a potion of mutation {unknown}
 j - a potion of flight {unknown}
 l - 2 potions of brilliance
 n - a potion of heal wounds {unknown}
 o - a potion of ambrosia {unknown}
 t - a potion of lignification
Books
 p - a book of Necromancy

   Spells                             Type                      Level
   a - Pain                           Necromancy                   1
   b - Animate Skeleton               Necromancy                   1
   c - Vampiric Draining              Necromancy                   3
   d - Regeneration                   Charms/Necromancy            3
   e - Animate Dead                   Necromancy                   4
   f - Control Undead                 Necromancy                   4
   Trog disapproves of the use of such an item.
Comestibles
 b - 2 bread rations
 k - 2 beef jerkies


   Skills:
 - Level 3.2 Fighting
 + Level 6.9 Axes
 - Level 4.3 Throwing
 + Level 6.2 Dodging
 + Level 1.4 Evocations


You had 7 spell levels left.
You didn't know any spells.

Dungeon Overview and Level Annotations

Branches:
Dungeon (5/15)
 Temple: D:4-7

Altars:
Fedhas


Innate Abilities, Weirdness & Mutations

You can breathe blasts of noxious fumes.
Your lurid green scales are hard. (AC +6)
You cannot fit into any form of body armour.
Your system is resistant to poisons. (rPois)
You are cold-blooded and may be slowed by cold attacks.


Message History

You hit the bullfrog zombie. The bullfrog zombie barely misses you.
Something hits you but does no damage.
You feel better. The bullfrog zombie hits you.
* * * LOW HITPOINT WARNING * * *
A sky beast appears from thin air!
Reactivating autopickup.
The sky beast barely misses you. The bullfrog zombie hits you.
* * * LOW HITPOINT WARNING * * *
You feel better.
The sky beast flickers out of sight!
Deactivating autopickup; reactivate with Ctrl-A.
Something hits you.
* * * LOW HITPOINT WARNING * * *
Something shocks you.
* * * LOW HITPOINT WARNING * * *
The bullfrog zombie misses you.
You closely miss something.
Your tail-slap misses something.
You hit the bullfrog zombie. Something hits you.
* * * LOW HITPOINT WARNING * * *
Something shocks you.
You die...

..#......$.........
##.####.............
....................
##.#...............
#...##............
###.#..$.......(..
#####...###..##..)##
#...{...# #....#..(.
#.Z@....##..##.#.#..
...<...........###.#....
...........#.#####.#....
...........#.##......#..
.a.........#.##.###..#..
................>.......
.....................†..
...........#....####....
.(......#.#.## #....


You could see a worker ant (sleeping) and a bullfrog zombie.

Vanquished Creatures
  Pikel (D:4)
  2 slaves (D:4)
  A phantom (D:4)
  The ghost of Xiguana the Magician, an amateur DgWz (D:3)
  A centaur (D:5)
  A big kobold (Sewer)
  A scorpion (D:4)
  A howler monkey (D:4)
  A crimson imp (D:5)
  A hound (D:5)
  A jelly (D:5)
  3 worker ants (D:4)
  A hound skeleton (D:5)
  Robin (D:4)
  3 river rats
  13 adders
  7 oozes
  An adder zombie (D:2)
  7 worms
  A dart slug (D:2)
  5 leopard geckos
  An orc (D:4)
  A bat skeleton (D:2)
  A bat zombie (D:2)
  7 giant cockroaches
  10 hobgoblins
  2 quokkas
  5 ball pythons
  4 bats
  10 frilled lizards
  19 goblins
  A jackal skeleton (D:2)
  9 kobolds
  17 rats
141 creatures vanquished.

Notes
Turn   | Place    | Note
-------+----------+-------------------------------------------
     0 | D:1      | KristoblXynda the Draconian Berserker began the quest for the Orb.
     0 | D:1      | Reached XP level 1. HP: 19/19 MP: 1/1
   101 | D:1      | Reached XP level 2. HP: 23/26 MP: 2/2
   960 | D:2      | Reached XP level 3. HP: 31/31 MP: 3/3
  1060 | D:2      | Reached ** piety under Trog
  1364 | D:2      | Reached XP level 4. HP: 38/38 MP: 4/4
  1619 | D:2      | Found a faded altar of an unknown god.
  1807 | D:2      | Reached skill level 1 in Throwing
  2073 | D:3      | Noticed Xiguana's ghost (amateur DgWz)
  2089 | D:3      | Killed Xiguana's ghost
  2089 | D:3      | Reached XP level 5. HP: 25/45 MP: 5/5
  2157 | D:3      | Found a glowing drain.
  2178 | Sewer    | Entered a sewer
  2681 | Sewer    | Reached skill level 5 in Axes
  2681 | Sewer    | Reached XP level 6. HP: 25/51 MP: 6/6
  2864 | Sewer    | Reached *** piety under Trog
  3990 | D:4      | Noticed Robin
  4013 | D:4      | Killed Robin
  4273 | D:4      | Reached skill level 5 in Dodging
  4273 | D:4      | Your scales start taking on a lurid green colour.
  4273 | D:4      | Reached XP level 7. HP: 57/57 MP: 7/7
  4273 | D:4      | Gained mutation: Your system is resistant to poisons. (rPois) [Green Draconian growth]
  4533 | D:4      | Reached **** piety under Trog
  4913 | D:4      | Noticed Pikel
  4947 | D:4      | Killed Pikel
  4947 | D:4      | Reached XP level 8. HP: 32/63 MP: 8/8
  5182 | D:5      | Entered Level 5 of the Dungeon
  5182 | D:5      | Found a blossoming altar of Fedhas.
  5270 | D:5      | Reached skill level 1 in Evocations
  5367 | D:5      | Slain by a sky beast

Vault maps used:
D:1:      saegor_arrival_simple_c
D:2:      first_bread, serial_undead, serial_undead_a, serial_undead_c,
          serial_undead_f, serial_undead_e, serial_undead_f, serial_undead_c,
          chequers_ecumenical_altar_simple_redux
D:3:      portal_sewer_entry_b, minmay_goblin_outpost
D:4:      st_stairs_8, uniq_pikel, uniq_robin
D:5:      nicolae_overflow_hidden_temple, basic_altar, yredelemnul_altar_generic
Sewer:    sewer_co_tree

Skill      XL: |  1  2  3  4  5  6  7  8 |
---------------+-------------------------+-----
Dodging        | 3 4 5 6 |  6.2
Axes           | 4 5 6 |  6.9
Throwing       | 2 3 4 |  4.3
Evocations     | 1 |  1.4
Fighting       | |  3.2

Action                   |  1- 3 |  4- 6 |  7- 9 || total
-------------------------+-------+-------+-------++-------
Melee: Hand axe          |   108 |   318 |   127 ||   553
       Tailslap          |    11 |    29 |    19 ||    59
       Unarmed           |       |       |    15 ||    15
Invok: Berserk           |       |     1 |     1 ||     2
       Trog's Hand       |       |       |     1 ||     1
 Abil: Breathe Noxious F |       |       |     1 ||     1
  Use: Scroll            |       |    10 |     3 ||    13
       Potion            |       |     1 |     2 ||     3
 Stab: Sleeping          |     1 |     5 |     2 ||     8
  Eat: Chunk             |     1 |     5 |       ||     6
       Meat ration       |       |     1 |       ||     1
       Beef jerky        |       |     1 |       ||     1
       Bread ration      |       |       |     1 ||     1
Armor: Skin              |    35 |    89 |    37 ||   161
Dodge: Dodged            |    79 |   255 |   114 ||   448
